 Dungeon Crawl Stone Soup version 0.18-b1-14-g029dad2 (webtiles) character file.

211120 Tarnath the Sensei (level 18, -9/169 HPs)
             Began as a Minotaur Monk on Apr 30, 2016.
             Was the Champion of Qazlal.
             Blown up by an orb spider (23 damage)
             ... with a wavering orb of destruction
             ... while paralysed
             ... on level 3 of the Spider Nest.
             The game lasted 02:27:12 (34419 turns).

Tarnath the Sensei (Minotaur Monk)                 Turns: 34419, Time: 02:27:15

Health: -9/169     AC: 35    Str: 22    XL:     18   Next: 20%
Magic:  7/24       EV:  2    Int:  7    God:    Qazlal [******]
Gold:   1471       SH:  0    Dex: 20    Spells: 0 memorised, 17 levels left

rFire  . . .     SeeInvis .       - Unarmed
rCold  + + .     Gourm    .     t - +2 plate armour {rPois}
rNeg   . . .     Faith    .     Q - +2 buckler
rPois  +         Spirit   .     W - +2 hat
rElec  .         Dismiss  .     G - +2 cloak {rC+}
rCorr  .         Reflect  .     F - +2 pair of gloves {rC+}
SustAt .         Harm     .     r - +1 pair of boots {Fly}
MR     +....                    (no amulet)
Stlth  ..........               S - +3 ring of protection
                                a - +5 ring of evasion

@: confused, paralysed, mighty, exhausted, protected from physical damage,
flying, slowed, repel missiles, somewhat resistant to hostile enchantments,
extremely unstealthy
A: retaliatory headbutt, horns 2, low mp 1, MP-powered wands
a: Upheaval, Elemental Force, Disaster Area, Renounce Religion, Stop Flying
}: 1/15 runes: decaying


You were on level 3 of the Spider Nest.
You worshipped Qazlal.
Qazlal was exalted by your worship.
You were not hungry.

You visited 6 branches of the dungeon, and saw 33 of its levels.
You also visited: Sewer, Ice Cave and Volcano.

You collected 3956 gold pieces.
You spent 2485 gold pieces at shops.

Inventory:

Armour
 h - a +4 chain mail of fire resistance
 j - the +9 plate armour "Baosk" {*Contam rElec Int+6 Dex+3}
   (You took it off a rakshasa on level 15 of the Dungeon)

   It affects your intelligence (+6).
   It affects your dexterity (+3).
   It insulates you from electricity.
   It causes magical contamination when unequipped.
 r - a +1 pair of boots of flying (worn)
 t - a +2 plate armour of poison resistance (worn)
 F - a +2 pair of gloves of cold resistance (worn)
 G - a +2 cloak of cold resistance (worn)
 Q - a +2 buckler (worn)
 W - a +2 hat (worn)
Jewellery
 a - a +5 ring of evasion (left hand)
 S - a +3 ring of protection (right hand)
 Y - an uncursed ring of protection from fire
Wands
 w - a wand of iceblast (5/15)
 x - a wand of teleportation (5/9)
 B - a wand of teleportation (5/9)
 J - a wand of teleportation (5/9)
Scrolls
 d - 7 scrolls of blinking
 i - a scroll of summoning
 o - 9 scrolls of remove curse
 q - 16 scrolls of teleportation
 u - 4 scrolls of magic mapping
 E - 2 scrolls of fear
 K - 2 scrolls of fog
 L - 2 scrolls of recharging
 P - 8 scrolls of identify
Potions
 c - 2 potions of cure mutation
 f - 10 potions of flight
 g - 3 potions of might
 k - 6 potions of resistance
 m - 3 potions of ambrosia
 p - 12 potions of curing
 s - 2 potions of berserk rage
 z - 3 potions of cancellation
 A - 3 potions of agility
 C - 5 potions of lignification
 D - a potion of invisibility
 I - 4 potions of haste
Miscellaneous
 y - a disc of storms
Comestibles
 b - 25 bread rations
 l - 14 meat rations
 R - 14 royal jellies


   Skills:
 + Level 17.1 Fighting
 * Level 12.6 Armour
 - Level 14.0 Dodging
 - Level 1.5 Stealth
 - Level 5.0 Shields
 * Level 21.4 Unarmed Combat
 + Level 13.6 Invocations


You had 17 spell levels left.
You didn't know any spells.

Dungeon Overview and Level Annotations

Branches:
Dungeon (15/15)            Temple (0/1) D:6            Lair (8/8) D:10
  Swamp (4/4) Lair:3       Spider (3/4) Lair:4        Slime (0/6) Lair:8
    Orc (2/2) D:12            Elf (1/3) Orc:2        Vaults (0/5) D:14
 Depths (0/5) D:15

Altars:
Ashenzari
Cheibriados
Dithmenos
Fedhas
Gozag
Kikubaaqudgha
Makhleb
Nemelex Xobeh
Pakellas
Qazlal
Sif Muna
Trog
Vehumet
Yredelemnul
Zin
Beogh
Jiyva

Shops:
D:13 :   D:14 ?   D:15 [   Orc:1 ?   Orc:2 *[(:!


Innate Abilities, Weirdness & Mutations

You reflexively headbutt those who attack you in melee.
You have a pair of horns on your head.
Your magical capacity is low (-10% MP).
You expend magic power (3 MP) to strengthen your wands.


Message History

You are no longer berserk.
You pass out from exhaustion.
You feel yourself slow down.
You hear a hideous shriek!
The tarantella bites you but does no damage.
You hear an angry hiss.
The tarantella bites you but does no damage.
The orb spider pulsates with a strange energy.
The tarantella bites you but does no damage.
You hear an angry hiss.
The orb spider weaves a glowing orb of energy.
The tarantella bites you but does no damage.
The orb spider weaves a glowing orb of energy.
A wolf spider and 2 orbs of destruction come into view.
You hear an angry hiss.
The tarantella bites you!
* * * LOW HITPOINT WARNING * * *
You are confused.
The wavering orb of destruction hits you!
You die...

.# †.†
....
..†.#
..†.†#
#..†#
#††s####
#†s*s≈#
##.§†@#
#.†§≈#
#..§s≈#
#...####
#...#
....#
.s≈# ^≈≈


You could see a wolf spider, 2 orb spiders, a jumping spider and a tarantella.

Vanquished Creatures
  the Lernaean hydra (Swamp:4)
  Asterion (Spider:1)
  The ghost of Chiseanne the Nimble, an adept TrMo of Okawaru (Swamp:3)
  Gastronok (D:11)
  Agnes (D:15)
  Frances (Swamp:1)
  Roxanne (D:15)
  Maud (D:14)
  Aizul (Spider:1)
  3 orc warlords (Orc:2)
  4 emperor scorpions (Spider:3)
  The ghost of poirepourri the Blocker, a journeyman MiFi of Makhleb (Lair:6)
  The ghost of ThermosAquaticus the Brawler, a journeyman VSTm of Cheibriados (D:14)
  A spark wasp (Spider:3)
  6 eidola (D:14)
  2 ettins (D:15)
  Josephine (Lair:7)
  2 deep elf high priests (D:15)
  4 vault guards (D:14)
  A rakshasa (D:15)
  An entropy weaver (Spider:2)
  30 hydras
  An ice dragon (Lair:8)
  A ghost crab (Swamp:3)
  4 centaur warriors
  4 dancing weapons (Elf:1)
  8 alligators
  4 tengu warriors
  2 vampire magi (D:14)
  13 death yaks
  2 orc high priests (Orc:2)
  2 deep elf knights (Elf:1)
  A sun demon (Volcano)
  4 skeletal warriors (D:14)
  A fire crab (D:14)
  A giant orange brain (D:15)
  8 swamp dragons
  7 hill giants
  3 unseen horrors
  3 spriggan druids
  2 deep elf archers
  A lindwurm (Lair:8)
  A wolf spider zombie (D:14)
  5 orc knights
  9 deep elf magi
  3 shambling mangroves (Swamp:3)
  A necromancer (IceCv)
  6 orc sorcerers (Orc:2)
  3 orb spiders
  5 ugly things
  A hornet (shapeshifter) (D:13)
  A hornet (Spider:2)
  3 cyclopes
  19 wolf spiders
  A manticore (D:14)
  5 griffons
  6 black mambas
  An ice statue (IceCv)
  5 torpor snails (Lair:8)
  24 spiny frogs
  A guardian serpent (shapeshifter) (D:15)
  A gargoyle (D:11)
  A komodo dragon (shapeshifter) (D:14)
  7 komodo dragons
  2 rime drakes
  5 demonic crawlers
  10 freezing wraiths (IceCv)
  A tengu conjurer (D:14)
  10 trolls
  6 giant leeches
  A red devil (Volcano)
  4 raiju (Lair:8)
  23 jumping spiders
  3 two-headed ogres
  7 polar bears (Lair:8)
  A boulder beetle (Lair:8)
  4 slime creatures (Swamp:4)
  3 blink frogs (Lair:3)
  2 flying skulls (D:14)
  15 bog bodies
  4 shadows
  Sigmund (D:6)
  35 redbacks
  3 spriggans
  A water elemental (Elf:1)
  15 tarantellas
  3 wraiths (Lair:7)
  A vampire (D:14)
  Eustachio (D:6)
  6 wyverns
  2 basilisks
  38 yaks
  6 fire bats
  9 hippogriffs
  A golden eye (shapeshifter) (Elf:1)
  2 hungry ghosts (D:8)
  A death yak simulacrum (IceCv)
  20 vampire mosquitoes
  2 mottled dragons
  21 wargs
  2 soldier ants (D:13)
  24 swamp worms
  9 insubstantial wisps
  13 water moccasins
  6 porcupines
  4 hell hounds (Lair:8)
  43 orc warriors
  3 sky beasts
  16 ice beasts
  19 swamp drakes
  14 black bears
  2 phantoms
  An alligator simulacrum (IceCv)
  A necrophage (D:6)
  12 wasps
  19 ogres
  4 centaurs
  13 wolves
  14 crocodiles
  3 big kobolds
  21 giant frogs
  3 wyvern zombies
  5 wyvern skeletons
  33 scorpions
  A water moccasin skeleton (D:6)
  An elephant simulacrum (IceCv)
  16 killer bees
  7 wights
  A vampire bat (Lair:3)
  5 howler monkeys
  2 electric eels (D:8)
  3 crimson imps
  6 centaur zombies
  5 lava snakes (Volcano)
  2 wasp zombies
  3 draconian simulacra (IceCv)
  18 hounds
  3 jellies
  23 orc priests
  8 centaur skeletons
  4 giant frog skeletons
  6 iguanas
  22 orc wizards
  A siren (Sewer)
  11 worker ants
  A polar bear simulacrum (IceCv)
  4 spriggan simulacra (IceCv)
  20 sheep
  6 troll simulacra (IceCv)
  2 killer bee zombies
  A centaur simulacrum (IceCv)
  A worker ant zombie (D:8)
  3 gnolls (D:9)
  12 adders
  3 naga simulacra (IceCv)
  2 ogre simulacra (IceCv)
  44 river rats
  2 shadow imps
  12 white imps (IceCv)
  2 oozes
  An adder skeleton (D:8)
  27 worms
  5 dart slugs
  8 giant geckos
  97 orcs
  2 ball pythons (Sewer)
  9 giant cockroaches
  7 goblins
  10 hobgoblins
  19 jackals
  28 kobolds
  4 quokkas
  15 bats
  A giant gecko zombie (D:5)
  9 giant newts
  23 rats
  54 fungi
  42 plants
1424 creatures vanquished.

Vanquished Creatures (collateral kills)
  2 death yaks (Lair:7)
  A wolf (Lair:7)
  An ogre simulacrum (IceCv)
4 creatures vanquished.

Vanquished Creatures (others)
  A hydra (D:8)
  A polar bear (Lair:8)
  A redback (Spider:1)
  An orc warrior (Orc:2)
  A fire vortex (Lair:3)
  31 fungi
  45 plants
81 creatures vanquished.

Grand Total: 1509 creatures vanquished

Notes
Turn   | Place    | Note
--------------------------------------------------------------
     0 | D:1      | Tarnath the Minotaur Monk began the quest for the Orb.
     0 | D:1      | Reached XP level 1. HP: 19/19 MP: 0/0
   143 | D:1      | Reached XP level 2. HP: 8/27 MP: 1/1
   521 | D:1      | Reached skill level 5 in Unarmed Combat
   828 | D:2      | Reached XP level 3. HP: 33/33 MP: 2/2
  1307 | D:2      | Reached XP level 4. HP: 37/41 MP: 3/3
  1568 | D:3      | Found a faded altar to an unknown god.
  1900 | D:3      | Found an ancient bone altar of Kikubaaqudgha.
  2387 | D:3      | Reached skill level 6 in Unarmed Combat
  2489 | D:4      | Reached XP level 5. HP: 30/47 MP: 4/4
  2600 | D:4      | Found a snail-covered altar of Cheibriados.
  2607 | D:4      | Found a glowing drain.
  2624 | Sewer    | Entered a sewer
  2825 | D:4      | Reached skill level 5 in Fighting
  2837 | D:4      | Noticed an ogre
  2844 | D:4      | Killed an ogre
  2844 | D:4      | Reached skill level 7 in Unarmed Combat
  2844 | D:4      | Reached XP level 6. HP: 47/56 MP: 5/5
  3048 | D:4      | Noticed a balrug
  3049 | D:4      | Found a burning altar of Makhleb.
  3059 | D:4      | Found a glowing silver altar of Zin.
  3060 | D:4      | Noticed an angel
  3343 | D:5      | Entered Level 5 of the Dungeon
  3540 | D:5      | Reached XP level 7. HP: 62/62 MP: 6/6
  3621 | D:5      | Reached skill level 5 in Dodging
  3713 | D:5      | Reached skill level 8 in Unarmed Combat
  4013 | D:5      | Found an opulent altar of Gozag.
  4459 | D:6      | Noticed Eustachio
  4482 | D:6      | Found a basalt altar of Yredelemnul.
  4491 | D:6      | Reached XP level 8. HP: 56/71 MP: 7/7
  4501 | D:6      | Found a deep blue altar of Sif Muna.
  4501 | D:6      | Found a stormy altar of Qazlal.
  4506 | D:6      | Found a bloodstained altar of Trog.
  4506 | D:6      | Found a radiant altar of Vehumet.
  4506 | D:6      | Found a shadowy altar of Dithmenos.
  4507 | D:6      | Found a sparkling altar of Nemelex Xobeh.
  4512 | D:6      | Killed Eustachio
  4512 | D:6      | Reached skill level 9 in Unarmed Combat
  4527 | D:6      | Became a worshipper of Qazlal Stormbringer
  4527 | D:6      | Reached * piety under Qazlal
  4527 | D:6      | Reached ** piety under Qazlal
  4605 | D:6      | Found a staircase to the Ecumenical Temple.
  4757 | D:6      | Noticed Sigmund
  4765 | D:6      | Killed Sigmund
  4765 | D:6      | Reached skill level 1 in Invocations
  4940 | D:6      | Reached skill level 10 in Unarmed Combat
  5270 | D:7      | Reached XP level 9. HP: 49/79 MP: 9/9
  5396 | D:7      | Noticed a purple ugly thing
  5412 | D:7      | HP: 2/79 [purple ugly thing (20)]
  5417 | D:7      | Killed a purple ugly thing
  5820 | D:7      | You fall through a shaft!
  5825 | D:8      | Found a deep blue altar of Sif Muna.
  5872 | D:8      | Paralysed by fainting for 5 turns
  5904 | D:8      | Reached skill level 11 in Unarmed Combat
  6251 | D:8      | Found an oddly glowing altar of Pakellas.
  6251 | D:8      | Noticed a five-headed hydra
  6274 | D:8      | Killed a five-headed hydra
  6281 | D:8      | Found a blossoming altar of Fedhas.
  6625 | D:8      | Found a shattered altar of Ashenzari.
  6742 | D:8      | Reached XP level 10. HP: 72/91 MP: 12/12
  7570 | D:9      | Reached *** piety under Qazlal
  7997 | D:10     | Entered Level 10 of the Dungeon
  8089 | D:10     | Reached skill level 5 in Invocations
  8126 | D:10     | Reached skill level 12 in Unarmed Combat
  8239 | D:10     | Found a staircase to the Lair.
  8382 | D:10     | Noticed a hill giant
  8391 | D:10     | Killed a hill giant
  8393 | D:10     | Killed an unseen horror
  8932 | D:10     | Reached skill level 10 in Fighting
  9019 | Lair:1   | Entered Level 1 of the Lair of Beasts
  9055 | Lair:1   | Noticed a black mamba
  9061 | Lair:1   | Killed a black mamba
  9293 | Lair:1   | Reached **** piety under Qazlal
  9293 | Lair:1   | Reached XP level 11. HP: 79/99 MP: 14/14
  9376 | Lair:1   | Reached skill level 13 in Unarmed Combat
 10515 | Lair:2   | Noticed a griffon
 10522 | Lair:2   | Killed a griffon
 11128 | Lair:3   | Noticed a four-headed hydra
 11138 | Lair:3   | Killed a four-headed hydra
 11138 | Lair:3   | Reached skill level 1 in Shields
 11225 | Lair:3   | Reached skill level 10 in Dodging
 11711 | Lair:3   | Reached skill level 14 in Unarmed Combat
 11788 | Lair:3   | Reached XP level 12. HP: 84/110 MP: 16/16
 11955 | Lair:3   | Found a staircase to the Swamp.
 11980 | Lair:3   | Got a spiked chain mail
 11991 | Lair:3   | Identified the +1 chain mail of Too Many Cooks {MR+ Stlth+} (You found it on level 3 of the Lair of Beasts)
 12285 | Lair:4   | Noticed a six-headed hydra
 12303 | Lair:4   | Killed a six-headed hydra
 12308 | Lair:4   | Reached ***** piety under Qazlal
 12314 | Lair:4   | Noticed a seven-headed hydra
 12323 | Lair:4   | Killed a seven-headed hydra
 12528 | Lair:4   | Found a hole to the Spider Nest.
 12534 | Lair:4   | Reached skill level 5 in Shields
 13131 | Lair:5   | Reached skill level 1 in Armour
 13177 | Lair:5   | Noticed a seven-headed hydra
 13184 | Lair:5   | Found a dark tunnel.
 13199 | Lair:5   | Killed a seven-headed hydra
 13296 | Volcano  | Entered a volcano
 13415 | Volcano  | Found a burning altar of Makhleb.
 13811 | Lair:5   | Reached skill level 15 in Unarmed Combat
 13902 | Lair:5   | Noticed an eight-headed hydra
 13908 | Lair:5   | Killed an eight-headed hydra
 14580 | Lair:6   | Noticed poirepourri's ghost (journeyman MiFi)
 14634 | Lair:6   | Killed poirepourri's ghost
 14667 | Lair:6   | Reached XP level 13. HP: 93/119 MP: 18/18
 15548 | Lair:7   | Found a frozen archway.
 15635 | IceCv    | Entered an ice cave
 16286 | IceCv    | Found an ancient bone altar of Kikubaaqudgha.
 16364 | IceCv    | Reached skill level 16 in Unarmed Combat
 16800 | Lair:7   | Noticed Josephine
 16811 | Lair:7   | Killed Josephine
 17831 | Lair:8   | Entered Level 8 of the Lair of Beasts
 18043 | Lair:8   | Reached XP level 14. HP: 124/129 MP: 20/20
 18222 | Lair:8   | Reached skill level 17 in Unarmed Combat
 18272 | Lair:8   | Reached skill level 10 in Invocations
 19182 | Lair:8   | Found a viscous altar of Jiyva.
 19182 | Lair:8   | Found a staircase to the Slime Pits.
 19336 | Lair:8   | Found a runed door.
 19517 | Lair:8   | Reached ****** piety under Qazlal
 19952 | D:11     | Noticed Gastronok
 19963 | D:11     | Killed Gastronok
 20497 | D:12     | Found a staircase to the Orcish Mines.
 21154 | D:13     | Reached skill level 18 in Unarmed Combat
 21449 | D:13     | Found Ydatsu's Book Shop.
 21602 | D:13     | Reached XP level 15. HP: 130/139 MP: 22/22
 22540 | D:14     | Found Fohais's Magic Scroll Boutique.
 22550 | D:14     | Bought a scroll of teleportation for 33 gold pieces
 22550 | D:14     | Bought a scroll of blinking for 82 gold pieces
 22567 | D:14     | Found a gate to the Vaults.
 22634 | D:14     | Noticed Maud
 22637 | D:14     | Reached skill level 15 in Fighting
 22678 | D:14     | Killed Maud
 22690 | D:14     | Reached skill level 19 in Unarmed Combat
 22719 | D:14     | Noticed ThermosAquaticus's ghost (journeyman VSTm)
 22737 | D:14     | Killed ThermosAquaticus's ghost
 23538 | D:15     | Entered Level 15 of the Dungeon
 23592 | D:15     | Noticed Agnes
 23592 | D:15     | Noticed Roxanne
 23604 | D:15     | Killed Agnes
 23872 | D:15     | Killed Roxanne
 24046 | D:15     | Reached XP level 16. HP: 149/149 MP: 22/24
 24288 | D:15     | Found a staircase to the Depths.
 24296 | D:15     | Found Uceweodoe's Antique Armour Shoppe.
 24304 | D:15     | Bought a shimmering plate armour for 868 gold pieces
 24314 | D:15     | Identified the cursed +1 plate armour of Fashionability {*Corrode Str+5 SInv} (You bought it in a shop on level 15 of the Dungeon)
 24369 | D:15     | Found a runed door.
 24772 | D:15     | Got a distressingly furry plate armour
 24783 | D:15     | Identified the +9 plate armour "Baosk" {*Contam rElec Int+6 Dex+3} (You took it off a rakshasa on level 15 of the Dungeon)
 25049 | Orc:1    | Entered Level 1 of the Orcish Mines
 25334 | Orc:1    | Found Osotisyo's Magic Scroll Shoppe.
 25350 | Orc:1    | Bought a scroll of summoning for 142 gold pieces
 25350 | Orc:1    | Bought a scroll of teleportation for 45 gold pieces
 25417 | Orc:1    | You are sucked into a shaft!
 25417 | Orc:2    | Entered Level 2 of the Orcish Mines
 25434 | Orc:2    | Paralysed by an orc sorcerer for 7 turns
 25485 | Orc:2    | Reached skill level 5 in Armour
 25608 | Orc:2    | Found a roughly hewn altar of Beogh.
 26245 | Orc:2    | Found a roughly hewn altar of Beogh.
 26252 | Orc:2    | Found Othatz's Assorted Antiques.
 26260 | Orc:2    | Bought a wand of teleportation for 252 gold pieces
 26260 | Orc:2    | Bought a potion of heal wounds for 105 gold pieces
 26532 | Orc:2    | Found a staircase to the Elven Halls.
 26573 | Orc:2    | Found a roughly hewn altar of Beogh.
 26616 | Orc:2    | Paralysed by an orc sorcerer for 2 turns
 26707 | Orc:2    | Paralysed by an orc sorcerer for 3 turns
 27088 | Orc:2    | Found Zatota's Antique Armour Shoppe.
 27090 | Orc:2    | Found a roughly hewn altar of Beogh.
 27117 | Orc:2    | Found Maad's Antique Weapon Emporium.
 27133 | Orc:2    | Bought a pair of shimmering gloves for 256 gold pieces
 27143 | Orc:2    | Identified the cursed +0 pair of gloves of Death Resistance {Int+4} (You bought it in a shop on level 2 of the Orcish Mines)
 27242 | Orc:2    | Found Maad's Distillery.
 27269 | Orc:2    | Bought a potion of heal wounds for 65 gold pieces
 27269 | Orc:2    | Bought a potion of cure mutation for 325 gold pieces
 27269 | Orc:2    | Bought a potion of heal wounds for 65 gold pieces
 27269 | Orc:2    | Bought a potion of curing for 39 gold pieces
 27269 | Orc:2    | Bought a potion of curing for 39 gold pieces
 27269 | Orc:2    | Bought a potion of resistance for 130 gold pieces
 27269 | Orc:2    | Bought a potion of curing for 39 gold pieces
 27304 | Orc:2    | Found a roughly hewn altar of Beogh.
 27360 | Orc:2    | Found Cypue's Book Shoppe.
 27525 | Swamp:1  | Entered Level 1 of the Swamp
 28020 | Swamp:2  | Reached skill level 20 in Unarmed Combat
 28354 | Swamp:3  | Noticed Chiseanne's ghost (adept TrMo)
 28373 | Swamp:3  | Killed Chiseanne's ghost
 28908 | Swamp:4  | Entered Level 4 of the Swamp
 29366 | Swamp:4  | Reached XP level 17. HP: 106/158 MP: 25/25
 30298 | Swamp:4  | Reached skill level 10 in Armour
 30299 | Swamp:4  | HP: 6/159 [something (7)]
 30681 | Swamp:4  | Got a polished scale mail
 30692 | Swamp:4  | Identified the cursed +0 scale mail of the First Wishes {Dex+3} (You found it on level 4 of the Swamp)
 30714 | Swamp:4  | Gained mutation: You expend magic power (3 MP) to strengthen your wands. [mutagenic glow]
 30813 | Swamp:4  | Noticed the 27-headed Lernaean hydra
 30825 | Swamp:4  | Killed the 27-headed Lernaean hydra
 30830 | Swamp:4  | Got a decaying rune of Zot
 31664 | Swamp:1  | Noticed Frances
 31683 | Swamp:1  | Killed Frances
 31778 | Spider:1 | Entered Level 1 of the Spider Nest
 31780 | Spider:1 | Noticed Aizul
 31798 | Spider:1 | Killed Aizul
 32198 | Orc:2    | Found a roughly hewn altar of Beogh.
 32242 | Elf:1    | Entered Level 1 of the Elven Halls
 32602 | Orc:2    | Gained mutation: Your magical capacity is low (-10% MP). [mutagenic glow]
 32744 | Orc:2    | Found Maad's Distillery.
 32753 | Orc:2    | Found a roughly hewn altar of Beogh.
 32768 | Orc:2    | Found a roughly hewn altar of Beogh.
 33024 | Spider:1 | Reached skill level 21 in Unarmed Combat
 33138 | Spider:1 | Noticed Asterion
 33157 | Spider:1 | Killed Asterion
 34262 | Spider:3 | Noticed Mara
 34287 | Spider:3 | Noticed Tarnath's illusion
 34300 | Spider:3 | Reached XP level 18. HP: 88/169 MP: 14/24
 34419 | Spider:3 | Blown up by an orb spider

Skill      XL: |  1  2  3  4  5  6  7  8  9 10 11 12 13 14 15 16 17 |
---------------+----------------------------------------------------+-----
Unarmed Combat | 5 6 7 8 10 11 12 14 15 16 18 19 20 21 | 21.4
Fighting       | 4 5 6 7 9 10 11 12 13 14 15 16 17 | 17.1
Dodging        | 4 5 6 7 9 10 11 13 14 | 14.0
Invocations    | 2 4 6 7 8 9 11 12 13 | 13.6
Shields        | 3 5 |  5.0
Armour         | 3 9 12 | 12.6
Stealth        | |  1.5

Action                   |  1- 3 |  4- 6 |  7- 9 | 10-12 | 13-15 | 16-18 || total
-------------------------+-------+-------+-------+-------+-------+-------++-------
Melee: Unarmed           |   103 |   145 |   344 |   673 |  1443 |  1439 ||  4147
       Headbutt          |    20 |    27 |    58 |   156 |   369 |   356 ||   986
       Punch             |       |     6 |    21 |    16 |       |       ||    43
Invok: Upheaval          |       |       |     4 |     3 |    16 |     5 ||    28
       Elemental Force   |       |       |       |       |     5 |       ||     5
       Disaster Area     |       |       |       |       |     1 |     5 ||     6
 Abil: Evoke Flight      |       |       |       |       |       |     2 ||     2
Evoke: Wand              |       |       |       |     2 |     1 |     2 ||     5
       Disc of storms    |       |       |       |       |     2 |     1 ||     3
  Use: Scroll            |     5 |     9 |     5 |    11 |    11 |     6 ||    47
       Potion            |       |       |     1 |     2 |     1 |    18 ||    22
 Stab: Sleeping          |     2 |     8 |     2 |       |       |       ||    12
       Distracted        |       |       |       |       |     2 |       ||     2
  Eat: Chunk             |     1 |     7 |    12 |    21 |    24 |    10 ||    75
       Beef jerky        |       |       |     1 |       |       |     5 ||     6
       Fruit             |       |       |       |     5 |     8 |    15 ||    28
       Pizza             |       |       |       |       |       |     2 ||     2
       Meat ration       |       |       |       |       |       |     1 ||     1
Armor: Robe              |    20 |    20 |    46 |    39 |       |       ||   125
       Chain mail        |       |       |       |    19 |       |       ||    19
       Leather armour    |       |       |       |     8 |   168 |     3 ||   179
       Plate armour      |       |       |       |       |       |   614 ||   614
       Skin              |       |       |       |       |       |    19 ||    19
Dodge: Dodged            |    68 |    90 |   189 |   421 |   841 |   905 ||  2514
       Deflected         |       |       |       |     3 |     9 |    12 ||    24
Block: Other             |       |       |    21 |    41 |       |       ||    62
       Buckler           |       |       |       |   185 |   918 |  1223 ||  2326
